 Dungeon Crawl Stone Soup version 0.19.1 (webtiles) character file.

368 Drake the Magician (level 6, -6/36 HPs)
             Began as a Deep Elf Conjurer on May 22, 2017.
             Shot with an arrow by a centaur (11 damage)
             ... on level 4 of the Dungeon.
             The game lasted 00:13:47 (2982 turns).

Drake the Magician (Deep Elf Conjurer)              Turns: 2982, Time: 00:13:48

Health: -6/36      AC:  4    Str:  7    XL:     6   Next: 41%
Magic:  13/17      EV: 13    Int: 20    God:
Gold:   157        SH:  0    Dex: 15    Spells: 2 memorised, 12 levels left

rFire  + . .     SeeInvis .     e - +0 scythe
rCold  + . .     Gourm    .     f - +2 robe {rC+ rF+}
rNeg   . . .     Faith    .     (shield currently unavailable)
rPois  +         Spirit   .     (no helmet)
rElec  .         Reflect  .     (no cloak)
rCorr  .         Harm     .     (no gloves)
MR     .....                    (no boots)
Stlth  ++........               (no amulet)
                                (no ring)
                                j - ring of poison resistance

@: no status effects
A: no striking features
a: no special abilities


You were on level 4 of the Dungeon.
You were not hungry.

You visited 1 branch of the dungeon, and saw 4 of its levels.

You collected 157 gold pieces.

Inventory:

Hand Weapons
 e - a +0 scythe (weapon)
Armour
 a - a +0 buckler
 f - a +2 robe of resistance (worn)
 m - a +0 plate armour
Jewellery
 j - a ring of poison resistance (left hand)
Scrolls
 d - 4 scrolls of remove curse
 h - 3 scrolls of identify
 k - a scroll of immolation
 p - a scroll of teleportation
Potions
 g - a potion of brilliance
Books
 b - a book of Conjurations

   Spells                             Type                      Level
   a - Magic Dart                     Conjuration                  1
   b - Searing Ray                    Conjuration                  2
   c - Dazzling Spray                 Conjuration/Hexes            3
   d - Fulminant Prism                Conjuration/Hexes            4
   e - Iskenderun's Mystic Blast      Conjuration                  4
   f - Iskenderun's Battlesphere      Conjuration/Charms           5
Comestibles
 c - 2 bread rations
 n - a meat ration
 q - a slice of pizza


   Skills:
 + Level 2.6 Fighting
 - Level 2.4 Dodging
 - Level 2.4 Stealth
 + Level 6.1 Spellcasting
 + Level 6.0 Conjurations


You had 12 spell levels left.
You knew the following spells:

 Your Spells              Type           Power        Failure   Level  Hunger
a - Magic Dart            Conj           ####         1%          1    None
b - Iskenderun's Mystic   Conj           ####....     10%         4    ####...


Dungeon Overview and Level Annotations

Branches:
Dungeon (4/15)
 Temple: D:4-7

Altars:
Ashenzari


Message History

* * * LOW HITPOINT WARNING * * *
You see here an arrow.
Casting: Magic Dart
Confirm with . or Enter, or press ? or * to list all spells.
Aiming: Magic Dart
Press: ? - help, Shift-Dir - straight line, f - centaur
Aim: a centaur, wielding a shortbow The magic dart hits the centaur.
The centaur is moderately wounded.
The centaur shoots an arrow.
The arrow misses you.
The centaur shoots an arrow.
The arrow barely misses you.
Casting: Magic Dart
Confirm with . or Enter, or press ? or * to list all spells.
Aiming: Magic Dart
Press: ? - help, Shift-Dir - straight line, f/p - centaur
Aim: a centaur, wielding a shortbow (moderately wounded)
The magic dart hits the centaur.
The centaur is severely wounded.
The centaur shoots an arrow.
The arrow hits you!
You die...

.... #.....#
#.....#####
#.........#
+.........#
#.....##..#
#.....##..##
#.....##..<#
#......#@.(#
#....c(((..#
#.....######
#.....#
#......
#......
#..##.# #..
#.# #. ..


You could see a centaur.

Vanquished Creatures
  Sigmund (D:2)
  The ghost of Drake the Slasher, an amateur FoGl (D:3)
  Ijyb (D:2)
  3 adders
  An ooze (D:1)
  2 dart slugs
  3 leopard geckos
  6 orcs (D:3)
  7 giant cockroaches
  3 hobgoblins
  A ball python (D:3)
  6 bats
  6 frilled lizards
  7 goblins
  5 kobolds
  10 rats
63 creatures vanquished.

Notes
Turn   | Place    | Note
-------+----------+-------------------------------------------
     0 | D:1      | Drake the Deep Elf Conjurer began the quest for the Orb.
     0 | D:1      | Reached XP level 1. HP: 10/10 MP: 6/6
   306 | D:1      | Reached XP level 2. HP: 16/16 MP: 5/8
   431 | D:1      | Reached skill level 1 in Fighting
   704 | D:1      | Reached XP level 3. HP: 20/20 MP: 5/10
   810 | D:2      | Noticed Sigmund
   819 | D:2      | Killed Sigmund
   819 | D:2      | Reached skill level 5 in Spellcasting
   819 | D:2      | Reached skill level 5 in Conjurations
   819 | D:2      | Reached XP level 4. HP: 26/26 MP: 4/13
   819 | D:2      | Reached XP level 5. HP: 30/30 MP: 4/14
   960 | D:2      | Noticed Ijyb
   972 | D:2      | Killed Ijyb
  1055 | D:2      | Found a shattered altar of Ashenzari.
  1100 | D:2      | Found a faded altar of an unknown god.
  1574 | D:2      | Learned a level 4 spell: Iskenderun's Mystic Blast
  1991 | D:3      | Noticed Drake's ghost (amateur FoGl)
  2020 | D:3      | Killed Drake's ghost
  2020 | D:3      | Reached XP level 6. HP: 3/36 MP: 0/16
  2982 | D:4      | Shot with an arrow by a centaur

Skill      XL: |  1  2  3  4  5  6 |
---------------+-------------------+-----
Fighting       | 1 2 |  2.6
Spellcasting   | 5 6 |  6.1
Conjurations   | 5 6 |  6.0
Dodging        | |  2.4
Stealth        | |  2.4

Action                   |  1- 3 |  4- 6 || total
-------------------------+-------+-------++-------
Melee: Unarmed           |     3 |       ||     3
       Dagger            |     1 |       ||     1
       Scythe            |       |    32 ||    32
 Cast: Magic Dart        |    53 |    88 ||   141
  Use: Potion            |     2 |     4 ||     6
       Scroll            |     1 |     9 ||    10
 Stab: Sleeping          |     1 |     1 ||     2
  Eat: Bread ration      |       |     2 ||     2
Armor: Robe              |       |    22 ||    22
Dodge: Dodged            |     6 |    69 ||    75
